 Dungeon Crawl Stone Soup version 0.30.1-4-g462c640d31 (webtiles) character file.

Game seed: 16792130419826705445

14485 Peloso the Carver (level 11, -5/101 HPs)
             Began as a Minotaur Fighter on Sept 5, 2023.
             Was a High Priest of Okawaru.
             Slain by Fannar
             ... wielding a staff of cold
              (14 damage)
             ... on level 11 of the Dungeon.
             The game lasted 00:19:00 (8731 turns).

Peloso the Carver (Minotaur Fighter)                Turns: 8731, Time: 00:19:00

Health: -5/101     AC: 18    Str: 20    XL:     11   Next: 89%
Magic:  9/10       EV: 13    Int:  5    God:    Okawaru [*****.]
Gold:   584        SH:  7    Dex: 15    Spells: 10/10 levels left

rFire   . . .        a - +2 scimitar (elec)
rCold   . . .        d - +0 buckler
rNeg    . . .        c - +1 chain mail
rPois   .            (helmet restricted)
rElec   .            (no cloak)
rCorr   .            (no gloves)
SInv    .            D - +1 pair of boots
Will    .....        f - amulet of regeneration
Stlth   +            (no ring)
HPRegen 1.16/turn    (no ring)
MPRegen 0.12/turn

%: no passive effects
@: heroic
A: horns 2, retaliatory headbutt
a: Renounce Religion, Heroism, Finesse, Duel


You were on level 11 of the Dungeon.
You worshipped Okawaru.
Okawaru was extremely pleased with you.
You visited 2 branches of the dungeon, and saw 12 of its levels.

You collected 584 gold pieces.

Inventory:

Hand Weapons
 a - a +2 scimitar of electrocution (weapon)
Armour
 b - a +0 scale mail
 c - a +1 chain mail (worn)
 d - a +0 buckler (worn)
 D - a +1 pair of boots (worn)
Jewellery
 f - an amulet of regeneration (around neck)
 l - a ring of protection from fire
 o - a ring of flight
 v - a ring of magical power
 y - an amulet of faith
 B - a ring of fire
Wands
 j - a wand of flame (66)
 C - a wand of iceblast (28)
Scrolls
 e - 5 scrolls of teleportation
 g - a scroll of poison
 k - a scroll of identify
 s - 3 scrolls of enchant armour
 x - 2 scrolls of summoning
 E - a scroll of vulnerability {unknown}
 F - 2 scrolls of enchant weapon {unknown}
 G - 2 scrolls of fog {unknown}
Potions
 h - 4 potions of might
 i - 4 potions of magic
 m - 2 potions of cancellation
 n - 3 potions of curing
 p - 3 potions of lignification
 q - 2 potions of brilliance
 r - a potion of invisibility {unknown}
 t - 2 potions of berserk rage {unknown}
 u - 3 potions of flight {unknown}
 w - 2 potions of ambrosia {unknown}
 z - a potion of attraction {unknown}
 A - a potion of experience {unknown}
 H - a potion of resistance


   Skills:
 + Level 10.9(15.9) Fighting
 + Level 14.5(19.5) Long Blades
 + Level 12.2(17.2) Armour
 + Level 4.5(9.5) Dodging
 + Level 1.5(6.5) Stealth
 + Level 7.9(12.9) Shields
 + Level 1.2 Invocations
 + Level 1.0 Evocations


You had 10 spell levels left.
You didn't know any spells.
Your spell library contained the following spells:

 Spells                   Type           Power      Damage    Failure   Level
 Inner Flame              Hex/Fire       0%         N/A       100%        3
 Ozocubu's Armour         Ice            0%         N/A       100%        3
 Stone Arrow              Conj/Erth      0%         3d7       100%        3
 Flame Wave               Conj/Fire      0%         2d4       100%        4
 Iskenderun's Mystic Bla  Conj/Tloc      0%         2d3       100%        4
 Sticky Flame             Conj/Fire      0%         2d3       100%        4
 Fireball                 Conj/Fire      0%         3d3       100%        5
 Lee's Rapid Deconstruct  Erth           0%         3d4*      100%        5
 Starburst                Conj/Fire      0%         6d3       100%        6
 Statue Form              Tmut/Erth      0%         N/A       100%        6
 Ozocubu's Refrigeration  Ice            0%         4d7       100%        7


Dungeon Overview and Level Annotations

Branches:
Dungeon (11/15)            Temple (1/1) D:6            Lair (0/5) D:8
    Orc: D:9-12

Altars:
Ashenzari
Cheibriados
Dithmenos
Elyvilon
Fedhas
Gozag
Hepliaklqana
Kikubaaqudgha
Makhleb
Nemelex Xobeh
Okawaru
Qazlal
Ru
Sif Muna
Trog
Uskayaw
Vehumet
Wu Jian
Xom
Yredelemnul
Zin
The Shining One

Shops:
D:7 (

Annotations:
D:11 Fannar


Innate Abilities, Weirdness & Mutations

You have a pair of horns on your head.
You reflexively headbutt those who attack you in melee.


Message History

The ice beast hits you but does no damage.
You hit the ice beast but do no damage.
Lightning courses through the ice beast!
Your headbutt misses the ice beast.
The ice beast is severely wounded.
The ice beast hits you but does no damage.
You closely miss the ice beast. You headbutt the ice beast!
You kill the ice beast!
The ice beast disappears in a puff of smoke!
Fannar gestures wildly while chanting.
Fannar drains the heat from the surrounding environment!
You slash the ice beast! You headbutt the ice beast!
The ice beast is almost dead.
The ice beast hits you but does no damage.
You hit the ice beast.
You kill the ice beast!
The ice beast disappears in a puff of smoke!
Fannar barely misses you. You furiously retaliate!
You headbutt Fannar!
Things that are here:
a +0 dagger; a +0 robe; an orc corpse You closely miss Fannar.
Fannar is moderately wounded.
Fannar hits you with a staff of cold. Fannar freezes you.
You hit Fannar but do no damage. Your headbutt misses Fannar.
Fannar is moderately wounded.
Fannar hits you but does no damage. Fannar freezes you!
You hit Fannar.
Fannar is moderately wounded.
Fannar hits you but does no damage. Fannar freezes you!
* * * LOW HITPOINT WARNING * * *
You closely miss Fannar.
Fannar is moderately wounded.
You closely miss Fannar. You headbutt Fannar, but do no damage.
Fannar is moderately wounded.
Fannar hits you but does no damage. Fannar freezes you!
* * * LOW HITPOINT WARNING * * *
You miss Fannar. You headbutt Fannar!
Fannar is moderately wounded.
Fannar hits you but does no damage. Fannar freezes you!
You die...

.............#.....##.###....
#..>.........##...###.## .#.
....................#..#
.............).........#
...........).)..........
.......<.)..))))......#..
..................##..#...
.....#.......###.######....
.....#..#....###@## .....
§.......##...##.e.####.......
.≈...........###...#......
..≈.............#.........
.≈..........##.....}......
≈...........###...........
..............#...........
.....##.....#.............
....##......#.#........##.


You could see Fannar.

Vanquished Creatures
  A boulder beetle (D:10)
  2 two-headed ogres
  Sonja (D:11)
  Lodul (D:9)
  A cyclops (D:11)
  An elephant (D:8)
  Psyche (D:11)
  A troll (D:10)
  2 hornets
  Grinder (D:4)
  Sigmund (D:3)
  4 shadows
  14 yaks
  2 wraiths (D:10)
  A basilisk (D:8)
  4 wyverns
  A steam dragon (D:6)
  2 vampire mosquitoes (D:10)
  A sky beast (D:7)
  2 ice beasts (D:7)
  2 black bears
  5 orc warriors
  10 ogres
  3 centaurs
  A kobold brigand (D:9)
  Blork the orc (D:5)
  2 bullfrogs
  3 gnoll sergeants
  4 scorpions
  11 wights
  21 killer bees
  An electric eel (D:10)
  2 howler monkeys (D:9)
  A crimson imp (D:8)
  4 hounds
  2 jellies
  Ijyb (D:3)
  6 orc priests
  Jessica (D:2)
  2 iguanas
  22 orc wizards
  Natasha (D:1)
  14 gnolls
  7 adders
  A white imp (D:8)
  2 ufetubi
  2 worms
  A dart slug (D:1)
  32 orcs
  9 ball pythons
  7 endoplasms
  3 giant cockroaches
  7 goblins
  4 hobgoblins
  10 jackals
  19 kobolds
  6 quokkas
  4 bats
  3 frilled lizards
  3 goblin skeletons (D:8)
  A goblin zombie (D:8)
  A hobgoblin zombie (D:8)
  3 kobold skeletons (D:8)
  An orc zombie (D:8)
  2 rats (D:1)
292 creatures vanquished.

Notes
Turn   | Place    | Note
-------+----------+-------------------------------------------
     0 | D:1      | Peloso the Minotaur Fighter began the quest for the Orb.
     0 | D:1      | Reached XP level 1. HP: 19/19 MP: 0/0
   144 | D:1      | Reached XP level 2. HP: 27/27 MP: 1/1
   716 | D:2      | Noticed Natasha
   723 | D:1      | Reached XP level 3. HP: 32/33 MP: 2/2
   734 | D:1      | Killed Natasha
   735 | D:1      | Reached skill level 3 in Long Blades
   920 | D:2      | Noticed Jessica
   930 | D:2      | Killed Jessica
   931 | D:2      | Reached XP level 4. HP: 6/40 MP: 3/3
   944 | D:2      | HP: 1/40 [poisoned by an adder]
  1794 | D:3      | Noticed Ijyb
  1801 | D:3      | Killed Ijyb
  1802 | D:3      | Reached skill level 4 in Long Blades
  1802 | D:3      | Reached XP level 5. HP: 36/47 MP: 4/4
  1899 | D:3      | Reached skill level 5 in Armour
  2101 | D:3      | Noticed an angel
  2104 | D:3      | Found a glowing silver altar of Zin.
  2104 | D:3      | Found a shimmering altar of Xom.
  2168 | D:3      | Noticed Sigmund
  2178 | D:3      | Killed Sigmund
  2179 | D:3      | Reached skill level 5 in Fighting
  2179 | D:3      | Reached XP level 6. HP: 49/56 MP: 5/5
  2457 | D:3      | Found an ancient bone altar of Kikubaaqudgha.
  2482 | D:3      | Reached skill level 5 in Long Blades
  2710 | D:4      | Noticed Grinder
  2721 | D:4      | Paralysed by Grinder for 2 turns
  2739 | D:4      | Killed Grinder
  2740 | D:4      | Reached skill level 1 in Dodging
  2740 | D:4      | Reached XP level 7. HP: 42/61 MP: 6/6
  3279 | D:4      | Reached skill level 6 in Long Blades
  3444 | D:5      | Entered Level 5 of the Dungeon
  3504 | D:5      | Noticed Blork the orc
  3531 | D:5      | Killed Blork the orc
  3842 | D:5      | Reached skill level 7 in Long Blades
  3842 | D:5      | Reached skill level 5 in Shields
  3842 | D:5      | Reached XP level 8. HP: 57/70 MP: 7/7
  3973 | D:6      | Found a staircase to the Ecumenical Temple.
  3985 | Temple   | Entered the Ecumenical Temple
  4131 | Temple   | Became a worshipper of Warmaster Okawaru
  4411 | D:6      | Reached skill level 8 in Long Blades
  4527 | D:6      | Reached * piety under Okawaru
  4801 | D:7      | Found a blossoming altar of Fedhas.
  4801 | D:7      | Found a burning altar of Makhleb.
  4809 | D:7      | Found a faded altar of an unknown god.
  4811 | D:7      | Found a snail-covered altar of Cheibriados.
  4813 | D:7      | Found a faded altar of an unknown god.
  4894 | D:7      | Found Gaoruh's Antique Weapon Shoppe.
  4928 | D:7      | Reached XP level 9. HP: 33/78 MP: 8/8
  4930 | D:7      | Reached skill level 9 in Long Blades
  5098 | D:7      | Reached ** piety under Okawaru
  5129 | D:7      | Reached skill level 1 in Stealth
  5273 | D:7      | Reached skill level 10 in Long Blades
  5512 | D:8      | Noticed an elephant
  5521 | D:8      | Killed an elephant
  5540 | D:8      | Found a staircase to the Lair.
  5551 | D:8      | Reached skill level 11 in Long Blades
  5698 | D:8      | Reached *** piety under Okawaru
  5728 | D:8      | Reached XP level 10. HP: 88/88 MP: 9/9
  5826 | D:8      | Paralysed by a hornet for 2 turns
  5841 | D:8      | Found a glowing golden altar of the Shining One.
  5936 | D:8      | Reached skill level 12 in Long Blades
  6019 | D:8      | Reached skill level 10 in Armour
  6032 | D:8      | Got the Handbook of Hyperbolic Quicksand
  6251 | D:9      | Reached **** piety under Okawaru
  6409 | D:9      | Paralysed by a hornet for 1 turns
  6416 | D:9      | Got the Book of Phlogiston
  6553 | D:9      | Reached skill level 13 in Long Blades
  7242 | D:10     | Entered Level 10 of the Dungeon
  7243 | D:10     | Noticed Lodul
  7266 | D:9      | Killed Lodul
  7266 | D:9      | Reached ***** piety under Okawaru
  7269 | D:9      | Reached XP level 11. HP: 24/97 MP: 10/10
  7362 | D:10     | Noticed a two-headed ogre
  7380 | D:9      | Killed a two-headed ogre
  7763 | D:10     | Reached skill level 10 in Fighting
  7899 | D:10     | Noticed a two-headed ogre
  7905 | D:10     | Killed a two-headed ogre
  7940 | D:10     | Found a shimmering blue altar of Sif Muna.
  7948 | D:10     | Reached skill level 14 in Long Blades
  8346 | D:11     | Noticed Psyche
  8354 | D:11     | Killed Psyche
  8383 | D:11     | Reached skill level 1 in Invocations
  8394 | D:11     | Noticed Sonja
  8398 | D:11     | Noticed a boulder beetle
  8436 | D:10     | Killed a boulder beetle
  8601 | D:11     | Killed Sonja
  8601 | D:11     | Identified the +10 triple sword "Tiwkenol" {heavy, Fly}
                  | (Okawaru gifted it to you on level 11 of the Dungeon)
  8601 | D:11     | Received a gift from Okawaru
  8625 | D:11     | Reached skill level 1 in Evocations
  8693 | D:11     | Noticed Fannar
  8731 | D:11     | Slain by Fannar

Illustrated notes

Levels and vault maps discovered:
D:1:      kennysheep_arrival_forest, layout_basic, chequers_garden,
          grunt_decor_one_mirror
D:2:      layout_loops_ring, uniq_jessica, uniq_natasha
D:3:      layout_basic, nicolae_overflow_crystal_walls,
          grunt_temple_overflow_order_and_chaos_1, uniq_sigmund, uniq_ijyb
D:4:      layout_basic, minmay_ruptured, uniq_grinder
D:5:      layout_rooms, kennysheep_generic_room_8, uniq_blork_the_orc
D:6:      layout_basic, minmay_temple_entry_large_hall
D:7:      minmay_flawed_box, layout_basic, chequers_temple_overflow_minitemple,
          serial_shops, nicolae_shop_dealshenge
D:8:      layout_rooms, nicolae_tso_besieged_by_evil, david_lair_generic
D:9:      layout_roguey
D:10:     layout_rooms, nicolae_sif_muna_condensation, serial_corexii_hall,
          corexii_hall_statues_i, corexii_hall_statues_l, nicolae_water_bricks,
          uniq_lodul
D:11:     layout_cave_pools, erik_orc_1, serial_shops, nicolae_diamond_shop,
          nicolae_ru_sacrificial_ziggurat, uniq_fannar, uniq_psyche, uniq_sonja
Temple:   jpeg_temple_clearing

Skill      XL: |  1  2  3  4  5  6  7  8  9 10 11 |
---------------+----------------------------------+-----
Fighting       | 4 5 6 7 9 10 | 10.9
Shields        | 4 5 6 7 |  7.9
Armour         | 4 5 6 7 8 9 10 12 | 12.2
Long Blades    | 3 4 5 7 8 11 13 14 | 14.5
Dodging        | 1 2 3 4 |  4.5
Stealth        | 1 |  1.5
Invocations    | 1 |  1.2
Evocations     | 1 |  1.0

Action                     |  1- 3 |  4- 6 |  7- 9 | 10-12 || total
---------------------------+-------+-------+-------+-------++-------
  Melee: Long sword        |    66 |   106 |   202 |       ||   374
         Headbutt          |     7 |    25 |    71 |    94 ||   197
         Scimitar          |       |       |   141 |   405 ||   546
 Invoke: Heroism           |       |       |     2 |     5 ||     7
  Evoke: Wand              |       |     2 |       |     3 ||     5
    Use: Scroll            |     1 |     6 |     4 |     3 ||    14
         Potion            |     1 |       |     2 |     4 ||     7
 Armour: Scale mail        |     8 |       |       |       ||     8
         Chain mail        |    60 |    63 |   187 |   162 ||   472
  Dodge: Dodged            |    42 |    41 |   149 |   152 ||   384
  Block: Buckler           |    20 |    24 |    84 |   100 ||   228
